[Event "November 21 Early 2023"]
[Site "https://www.chess.com"]
[Date "2023.11.21"]
[Round "5"]
[White "DonCiao"]
[Black "bn1462"]
[Result "1-0"]
[Board "217"]
[TimeControl "180+1"]
[WhiteElo "2119"]
[BlackElo "1854"]
[WhiteClock "0:00:08"]
[BlackClock "0:00:01"]

1. c4 e5 2. g3 Nf6 3. Bg2 c6 4. Nf3 Bd6 5. d3 h6 6. O-O O-O 7. a3 a5 8. Nc3 Bc7 9. b3 d5 10. cxd5 cxd5 11. Bb2 Nc6 12. Nb5 Bb8 13. Rc1 Re8 14. a4 Bf5 15. Nd2 e4 16. dxe4 Nxe4 17. Nf3 Nb4 18. Qd4 Nf6 19. Rfe1 Nc6 20. Qh4 Ne4 21. Qxd8 Rxd8 22. Nfd4 Bg6 23. Nxc6 bxc6 24. Rxc6 Nd2 25. Nd4 Ba7 26. Rd1 Bxd4 27. Rxd2 Bxb2 28. Rxb2 Rab8 29. Rc5 d4 30. Rxa5 d3 31. exd3 Rxd3 32. Bf1 Rd1 33. Kg2 Be4+ 34. f3 Bxf3+ 35. Kxf3 Rxf1+ 36. Kg2 Rf5 37. Rxf5 g6 38. Rff2 1-0

[Event "November 21 Early 2023"]
[Site "https://www.chess.com"]
[Date "2023.11.21"]
[Round "6"]
[White "Nakamura, Hikaru"]
[Black "Sadhwani, Raunak"]
[Result "1/2-1/2"]
[Board "1"]
[TimeControl "180+1"]
[WhiteFideId "2016192"]
[BlackFideId "35093487"]
[WhiteElo "2874"]
[BlackElo "2668"]
[WhiteTeam "USA"]
[BlackTeam "IND"]
[WhiteClock "0:00:51"]
[BlackClock "0:01:21"]

1. h4 e5 2. g3 d5 3. c4 dxc4 4. Qa4+ Bd7 5. Qxc4 Bc6 6. Nf3 Bxf3 7. exf3 Nc6 8. Bg2 Nf6 9. f4 exf4 10. Bxc6+ bxc6 11. Qxc6+ Nd7 12. Qe4+ Qe7 13. Qxe7+ Bxe7 14. gxf4 Bd6 15. d3 Nc5 16. Ke2 Ne6 17. Nc3 Bxf4 18. Be3 Be5 19. Rac1 a6 20. Na4 O-O-O 21. Nb6+ Kb7 22. Nc4 Nf4+ 23. Bxf4 Bxf4 24. Rc3 Rhe8+ 25. Kf3 Be5 26. Rb3+ Kc8 27. Rc1 Bd4 28. Ne3 Re6 29. Rc4 Rf6+ 30. Ke2 Re6 31. Kf3 Rf6+ 32. Ke2 Re6 33. Kf3 1/2-1/2

[Event "November 21 Early 2023"]
[Site "https://www.chess.com"]
[Date "2023.11.21"]
[Round "6"]
[White "Carlsen, Magnus"]
[Black "Le, Tuan Minh"]
[Result "1-0"]
[Board "2"]
[TimeControl "180+1"]
[WhiteFideId "1503014"]
[BlackFideId "12401153"]
[WhiteElo "2887"]
[BlackElo "2561"]
[WhiteTeam "NOR"]
[BlackTeam "VIE"]
[WhiteClock "0:01:09"]
[BlackClock "0:00:01"]

1. f3 e5 2. Nc3 Nc6 3. e4 Bc5 4. Nge2 a6 5. Ng3 d6 6. Bc4 Be6 7. Bxe6 fxe6 8. d3 Nge7 9. Nce2 O-O 10. c3 Ng6 11. d4 exd4 12. cxd4 Bb6 13. Be3 Qf6 14. O-O e5 15. Qb3+ Kh8 16. dxe5 Bxe3+ 17. Qxe3 dxe5 18. Rfd1 Rad8 19. Qb3 b6 20. Qc4 b5 21. Qc5 Nd4 22. Nxd4 exd4 23. Rd2 Nf4 24. Rad1 Ne6 25. Qa3 Rd6 26. Nf5 Rdd8 27. Qxa6 Qe5 28. a4 bxa4 29. Qxa4 c5 30. Qc4 g6 31. Ne7 Rde8 32. Nd5 Qg5 33. Kh1 h5 34. b4 cxb4 35. Qxb4 h4 36. h3 Rf7 37. Qd6 Kh7 38. Rc2 Qg3 39. Rc6 Rxf3 40. Qxg3 Rxg3 41. Nf6+ Kh6 42. Nxe8 Nf4 43. Rxd4 Nxg2 44. e5 Re3 45. Kxg2 1-0

[Event "November 21 Early 2023"]
[Site "https://www.chess.com"]
[Date "2023.11.21"]
[Round "6"]
[White "Liang, Awonder"]
[Black "Dubov, Daniil"]
[Result "0-1"]
[Board "3"]
[TimeControl "180+1"]
[WhiteFideId "2056437"]
[BlackFideId "24126055"]
[WhiteElo "2527"]
[BlackElo "2767"]
[WhiteTeam "USA"]
[BlackTeam "RUS"]
[WhiteClock "0:00:01"]
[BlackClock "0:00:19"]

1. e4 c5 2. Nf3 Nc6 3. Bb5 e5 4. O-O Nge7 5. Nc3 g6 6. a4 Bg7 7. d3 d6 8. h3 O-O 9. Bc4 h6 10. Nd5 Be6 11. c3 Rc8 12. Be3 Bxd5 13. exd5 Nb8 14. b4 Nd7 15. Rb1 cxb4 16. Rxb4 b6 17. a5 bxa5 18. Rb7 e4 19. Qa4 Nf6 20. dxe4 Nxe4 21. Bd4 Nf5 22. Bd3 Nxd4 23. cxd4 Nc3 24. Qb3 a4 25. Qb4 Nxd5 26. Qxa4 Nf4 27. Bb5 Rc3 28. Qd1 Qc8 29. Ba6 Qc6 30. Rxa7 Qb6 31. Qd2 0-1

[Event "November 21 Early 2023"]
[Site "https://www.chess.com"]
[Date "2023.11.21"]
[Round "6"]
[White "Andreikin, Dmitry"]
[Black "Alexandre, Anne Shopie Elizabeth"]
[Result "1-0"]
[Board "4"]
[TimeControl "180+1"]
[WhiteFideId "4158814"]
[BlackFideId "11902418"]
[WhiteElo "2741"]
[BlackElo "2823"]
[WhiteTeam "FID"]
[BlackTeam "HAI"]
[WhiteClock "0:00:27"]
[BlackClock "0:00:23"]

1. d4 Nf6 2. c4 e6 3. Nf3 d5 4. Bg5 dxc4 5. e4 b5 6. Nc3 a6 7. a4 b4 8. Nb1 h6 9. Bxf6 Qxf6 10. Bxc4 Bb7 11. Nbd2 Nc6 12. Nb3 Be7 13. e5 Qg6 14. Bd3 Qxg2 15. Rg1 Qh3 16. Rxg7 O-O-O 17. Rg3 Qh5 18. Be4 f5 19. exf6 Bxf6 20. Rc1 Nxd4 21. Bxb7+ Kxb7 22. Nfxd4 Qd5 23. Qf3 Rhf8 24. Qxd5+ Rxd5 25. Rxc7+ Kb8 26. Rc4 Rfd8 27. Nc6+ 1-0

[Event "November 21 Early 2023"]
[Site "https://www.chess.com"]
[Date "2023.11.21"]
[Round "6"]
[White "Drygalov, Sergey"]
[Black "Nihal Sarin"]
[Result "1/2-1/2"]
[Board "5"]
[TimeControl "180+1"]
[WhiteFideId "24171743"]
[BlackFideId "25092340"]
[WhiteElo "2502"]
[BlackElo "2689"]
[WhiteTeam "RUS"]
[BlackTeam "IND"]
[WhiteClock "0:00:09"]
[BlackClock "0:00:02"]

1. d4 Nf6 2. c4 e6 3. Nf3 d5 4. Nc3 h6 5. Bf4 Bd6 6. Qc1 O-O 7. g4 Ne4 8. Rg1 Nc6 9. c5 Bxf4 10. Qxf4 Qf6 11. Qxf6 gxf6 12. e3 Nxc3 13. bxc3 b6 14. Bb5 Bd7 15. h4 Kg7 16. g5 bxc5 17. dxc5 Rfb8 18. Bxc6 Bxc6 19. Nd4 Ba4 20. Ke2 Rb2+ 21. Kf3 hxg5 22. hxg5 Rh8 23. Rab1 Rd2 24. Rb7 fxg5 25. Rxc7 Kf6 26. Rxa7 Bd1+ 27. Kg3 g4 28. f3 gxf3 29. Nxf3 Rg8+ 30. Kh3 Rh8+ 31. Kg3 Rg8+ 32. Kh3 Rh8+ 33. Kg3 1/2-1/2

[Event "November 21 Early 2023"]
[Site "https://www.chess.com"]
[Date "2023.11.21"]
[Round "6"]
[White "Le, Quang Liem"]
[Black "Kuzubov, Yuriy"]
[Result "1-0"]
[Board "6"]
[TimeControl "180+1"]
[WhiteFideId "12401137"]
[BlackFideId "14112906"]
[WhiteElo "2665"]
[BlackElo "2487"]
[WhiteTeam "VIE"]
[BlackTeam "UKR"]
[WhiteClock "0:00:08"]
[BlackClock "0:00:00"]

1. Nf3 d5 2. e3 c5 3. b3 g6 4. Bb2 Nf6 5. c4 Bg7 6. cxd5 O-O 7. Bxf6 Bxf6 8. Nc3 Nd7 9. Rc1 a6 10. a4 Nb6 11. Bc4 Bf5 12. Qe2 e6 13. dxe6 Nxc4 14. exf7+ Rxf7 15. Qxc4 Bd3 16. Qd5 b5 17. h4 b4 18. Qxd8+ Rxd8 19. Ne2 c4 20. Nf4 cxb3 21. Nxd3 Rxd3 22. Ke2 Rfd7 23. Rb1 b2 24. Rhd1 Bc3 25. Nd4 R3xd4 26. exd4 Bxd4 27. f3 Kf7 28. Kd3 Bf6+ 29. Kc4 Rd4+ 30. Kc5 Rxh4 31. d4 Be7+ 32. Kc4 Rh2 33. Rxb2 h5 34. Kd5 h4 35. Rdd2 Rh1 36. Kc6 Rc1+ 37. Kd7 Re1 38. d5 Bf6 39. Rxb4 Bc3 40. Rf4+ Kg7 41. Rc2 Ba5 42. Rxh4 Rd1 43. d6 Kf6 44. Re4 g5 45. Rc6 Bc3 46. Rxa6 g4 47. Kc7 1-0

[Event "November 21 Early 2023"]
[Site "https://www.chess.com"]
[Date "2023.11.21"]
[Round "6"]
[White "Rohith Krishna S"]
[Black "Bortnyk, Olexandr"]
[Result "1-0"]
[Board "7"]
[TimeControl "180+1"]
[WhiteFideId "46617051"]
[BlackFideId "14120828"]
[WhiteElo "2394"]
[BlackElo "2725"]
[WhiteTeam "IND"]
[BlackTeam "UKR"]
[WhiteClock "0:00:19"]
[BlackClock "0:00:03"]

1. d4 d6 2. Nf3 Nf6 3. g3 g6 4. Bg2 Bg7 5. O-O O-O 6. c4 Bf5 7. Nc3 Ne4 8. Nb1 c5 9. Be3 Nc6 10. Na3 Qb6 11. d5 Qxb2 12. dxc6 Nc3 13. Qb3 Nxe2+ 14. Kh1 bxc6 15. Rae1 Rab8 16. Qxb2 Rxb2 17. Nb1 Bd3 18. Nbd2 Nc3 19. Rg1 Nxa2 20. Bg5 f6 21. Be3 a5 22. Ra1 a4 23. Ne1 Bf5 24. Bxc6 a3 25. Bd5+ Kh8 26. g4 Bc2 27. Nxc2 Rxc2 28. Rab1 Nc3 29. Rb7 Nxd5 30. cxd5 a2 31. Ra7 f5 32. gxf5 a1=Q 33. Raxa1 Bxa1 34. Rxa1 Rxf5 35. Bh6 Rc1+ 36. Rxc1 Rh5 37. Be3 Rxd5 38. Ra1 Kg7 39. Ra7 Kf7 40. Ne4 c4 41. Rc7 Rd1+ 42. Kg2 d5 43. Ng5+ Ke8 44. Ne6 Kf7 45. Nd8+ Kf6 46. Nc6 e5 47. h4 c3 48. Bg5+ Kf5 49. Ne7+ Ke6 50. Rxc3 h6 51. Bxh6 Kxe7 52. Rc6 Kf7 53. Bg5 d4 54. Rd6 Re1 55. Kf3 d3 56. Kg2 e4 57. Be3 Ke7 58. Rd4 Kf6 59. Rxe4 Kf5 60. Rd4 d2 61. Rxd2 Ra1 62. Rd5+ Kg4 63. Rd4+ Kh5 64. Kg3 Rg1+ 65. Kf3 Ra1 66. Rd8 g5 67. Rh8+ Kg6 68. h5+ Kf5 69. Rf8+ Ke6 70. h6 Rh1 71. Bxg5 Ke5 72. Kg4 Ke6 73. f4 Rg1+ 74. Kh5 Ra1 75. Kg6 Kd5 76. h7 Ra6+ 77. Bf6 1-0

[Event "November 21 Early 2023"]
[Site "https://www.chess.com"]
[Date "2023.11.21"]
[Round "6"]
[White "Lobanov, Sergei"]
[Black "Nguyen, Ngoc Truong Son"]
[Result "0-1"]
[Board "8"]
[TimeControl "180+1"]
[WhiteFideId "24183750"]
[BlackFideId "12401110"]
[WhiteElo "2483"]
[BlackElo "2556"]
[WhiteTeam "FID"]
[BlackTeam "VIE"]
[WhiteClock "0:00:04"]
[BlackClock "0:00:08"]

1. d4 Nf6 2. c4 e6 3. Nc3 d5 4. cxd5 exd5 5. Bg5 c6 6. e3 Be7 7. Bd3 h6 8. Bh4 O-O 9. Nge2 Re8 10. f3 a6 11. O-O c5 12. dxc5 Bxc5 13. Kh1 g5 14. Bf2 Bxe3 15. Bxe3 Rxe3 16. Qd2 Re8 17. h4 Nh5 18. Nxd5 Be6 19. Ndc3 Nc6 20. Rad1 Ne5 21. Bh7+ Kg7 22. Qc2 Qc7 23. Bf5 Nc4 24. Bxe6 Ne3 25. Qc1 Nxf1 26. Rxf1 Rxe6 27. hxg5 hxg5 28. Qxg5+ Rg6 29. Qe3 Ng3+ 30. Nxg3 Rh8+ 31. Kg1 Qxg3 32. Qd4+ Kg8 33. Qd8+ Kh7 34. Qd2 Rhg8 35. Rf2 Rh6 36. Ne4 Qh2+ 37. Kf1 Qh1+ 38. Ke2 Rxg2 39. Ng5+ Kg6 40. Qd3+ Kxg5 41. f4+ Kf6 42. Qd4+ Ke7 43. Qe4+ Re6 0-1

[Event "November 21 Early 2023"]
[Site "https://www.chess.com"]
[Date "2023.11.21"]
[Round "6"]
[White "Galchenko, Matvey"]
[Black "Suyarov, Mukhammadzokhid"]
[Result "0-1"]
[Board "9"]
[TimeControl "180+1"]
[WhiteFideId "24175480"]
[BlackFideId "14210495"]
[WhiteElo "2406"]
[BlackElo "2449"]
[WhiteTeam "FID"]
[BlackTeam "UZB"]
[WhiteClock "0:00:02"]
[BlackClock "0:00:21"]

1. e4 e5 2. Nf3 Nf6 3. d4 Nxe4 4. Bd3 Nc6 5. d5 Nf6 6. dxc6 e4 7. cxb7 Bxb7 8. Be2 exf3 9. Bxf3 Qe7+ 10. Be3 Bxf3 11. Qxf3 Qe4 12. Nd2 Qxf3 13. Nxf3 Bb4+ 14. c3 Ba5 15. O-O-O d6 16. Bd4 Bb6 17. Bxf6 gxf6 18. Rd2 Kd7 19. Re1 Rae8 20. Kd1 Rxe1+ 21. Nxe1 Rg8 22. g3 f5 23. Ng2 c6 24. Nf4 Bd8 25. Rd4 Bb6 26. Rd2 Bd8 27. Nd3 Ke6 28. Ke2 Bg5 29. Rd1 h5 30. h4 Bh6 31. Kf3 Rg4 32. Re1+ Kd7 33. Rd1 Kc7 34. Re1 Kd7 35. Nb4 a5 36. Nc2 f4 37. Nd4 fxg3 38. fxg3 Bg7 39. Ne2 Be5 40. Rd1 Ke6 41. Rd3 f5 42. Re3 Kf6 43. Rd3 c5 44. b3 a4 45. c4 Ke6 46. Rd2 Kd7 47. Rc2 Kc6 48. Rc1 Kb6 49. Rf1 Ka5 50. Ke3 axb3 51. axb3 Kb4 52. Rxf5 Kxb3 53. Rxh5 Kxc4 54. Kf3 Rg8 55. Rh7 Rf8+ 56. Ke3 Re8 57. Kd2 d5 58. Ra7 d4 59. g4 d3 60. Ra4+ Kb5 61. Re4 dxe2 62. Kxe2 Re7 63. g5 Bd6 64. Kd3 Rxe4 65. Kxe4 Be7 66. g6 Bf8 67. h5 c4 68. Kf4 c3 69. Kg5 c2 0-1

[Event "November 21 Early 2023"]
[Site "https://www.chess.com"]
[Date "2023.11.21"]
[Round "6"]
[White "Khismatullin, Denis"]
[Black "Halkias, Stelios"]
[Result "0-1"]
[Board "10"]
[TimeControl "180+1"]
[WhiteFideId "4142578"]
[BlackFideId "4201809"]
[WhiteElo "2552"]
[BlackElo "2462"]
[WhiteTeam "RUS"]
[BlackTeam "GRE"]
[WhiteClock "0:00:02"]
[BlackClock "0:00:02"]

1. c4 Nf6 2. Nc3 g6 3. e4 d6 4. d4 Bg7 5. Be2 O-O 6. Nf3 e5 7. d5 a5 8. Bg5 Na6 9. Nd2 h6 10. Be3 Nc5 11. g4 c6 12. h4 Nfd7 13. g5 h5 14. Qc2 a4 15. Rg1 Qa5 16. a3 Nb6 17. O-O-O Bd7 18. Kb1 Rfc8 19. Rc1 Rc7 20. Qd1 Rac8 21. dxc6 Bxc6 22. Nd5 Nxd5 23. cxd5 Bb5 24. Rc3 Nb3 25. Nxb3 axb3 26. Rxb3 Ba4 27. Qd3 Bxb3 28. Qxb3 Rc2 29. Bd3 R2c7 30. Rd1 Qa8 31. Bb6 Re7 32. a4 Bf8 33. Bb5 Bg7 34. a5 f6 35. Rg1 Rf8 36. gxf6 Rxf6 37. Ka2 Qf8 38. Qc4 Kh7 39. Qe2 Rf4 40. Rc1 Rxh4 41. Bc7 Rf7 42. Bb6 Rh2 43. Rc2 Rf4 44. Rc7 Rf7 45. Qc4 Rhxf2 46. Rc8 Qe7 47. Re8 Qg5 48. Qb3 Qd2 49. Be3 Qe1 50. Bxf2 Rxf2 51. Qa3 Kh6 52. Bd3 Qd2 53. Rb8 Bf6 54. Rxb7 Bg5 55. Rb3 Be3 56. a6 Bd4 57. Qb4 Qd1 58. Qxd6 Rxb2+ 59. Rxb2 Qxd3 60. Ka1 Qc4 61. Kb1 Qd3+ 62. Rc2 Qb3+ 63. Kc1 Be3+ 64. Kd1 Qd3+ 65. Ke1 Qxc2 66. Qf8+ Kg5 67. Qe7+ Kf4 68. Qf6+ Kg3 69. Qxg6+ Kh4 70. Qf6+ Kg4 71. Qg6+ Kh4 72. Qf6+ Kg4 73. Qg6+ Kf4 74. Qh6+ Kf3 75. Qxh5+ Kf4 76. Qh6+ Kf3 77. Qh5+ Kf4 78. Qf5+ Kg3 79. Qxe5+ Bf4 80. Qg7+ Kf3 81. Qd4 Bg3+ 82. Kf1 Qg2# 0-1

[Event "November 21 Early 2023"]
[Site "https://www.chess.com"]
[Date "2023.11.21"]
[Round "6"]
[White "Erigaisi Arjun"]
[Black "Dragun, Kamil"]
[Result "1-0"]
[Board "11"]
[TimeControl "180+1"]
[WhiteFideId "35009192"]
[BlackFideId "1134167"]
[WhiteElo "2729"]
[BlackElo "2551"]
[WhiteTeam "IND"]
[BlackTeam "POL"]
[WhiteClock "0:00:52"]
[BlackClock "0:00:04"]

1. c4 Nf6 2. Nc3 e5 3. Nf3 Nc6 4. g3 Bb4 5. Nd5 Bc5 6. Bg2 d6 7. O-O Nxd5 8. cxd5 Ne7 9. d4 exd4 10. Nxd4 O-O 11. e4 f5 12. Be3 Bb6 13. Qd3 Ng6 14. f4 Bd7 15. Ne6 Bxe6 16. dxe6 c6 17. Rad1 fxe4 18. Bxe4 d5 19. Bg2 Qf6 20. Kh1 Ne7 21. Rde1 Nf5 22. Bd2 Rfe8 23. g4 Nh4 24. Bh3 Rxe6 25. g5 1-0

[Event "November 21 Early 2023"]
[Site "https://www.chess.com"]
[Date "2023.11.21"]
[Round "6"]
[White "Lazavik, Denis"]
[Black "Maksimovic, Bojan"]
[Result "1/2-1/2"]
[Board "12"]
[TimeControl "180+1"]
[WhiteFideId "13515110"]
[BlackFideId "14408120"]
[WhiteElo "2556"]
[BlackElo "2546"]
[WhiteTeam "BLR"]
[BlackTeam "BIH"]
[WhiteClock "0:00:02"]
[BlackClock "0:00:09"]

1. d4 a6 2. e4 e6 3. Nf3 d5 4. Nbd2 c5 5. exd5 exd5 6. Be2 Nc6 7. O-O Nf6 8. Re1 Be6 9. Nf1 cxd4 10. Nxd4 Bc5 11. Be3 Qb6 12. Nxc6 Bxe3 13. Nxe3 bxc6 14. b3 O-O 15. Bd3 Rfe8 16. Qf3 a5 17. a4 h6 18. h3 Ra7 19. Re2 Rae7 20. Rae1 Bd7 21. Bf5 Qd8 22. Bd3 Bc8 23. Nf5 Rxe2 24. Rxe2 Rxe2 25. Qxe2 Bxf5 26. Bxf5 g6 27. Bd3 Kg7 28. Qd2 Qb6 29. Qc3 d4 30. Qe1 Qc5 31. Bc4 g5 32. g3 Kf8 33. Kg2 Kg7 34. Qe2 Kf8 35. Qf3 Kg7 36. Kf1 Qd6 37. Qf5 c5 38. Ke2 Qe7+ 39. Kd1 Ne4 40. Qf3 Nc3+ 41. Kd2 Ne4+ 42. Kd1 Nc3+ 43. Kd2 Ne4+ 44. Kd1 1/2-1/2

[Event "November 21 Early 2023"]
[Site "https://www.chess.com"]
[Date "2023.11.21"]
[Round "6"]
[White "Pakleza, Zbigniew"]
[Black "Maghsoodloo, Parham"]
[Result "0-1"]
[Board "13"]
[TimeControl "180+1"]
[WhiteFideId "1119290"]
[BlackFideId "12539929"]
[WhiteElo "2410"]
[BlackElo "2660"]
[WhiteTeam "POL"]
[BlackTeam "IRI"]
[WhiteClock "0:00:00"]
[BlackClock "0:01:08"]

1. d4 Nf6 2. Nf3 d5 3. Bf4 c5 4. c3 e6 5. Nbd2 Bd6 6. Bg3 O-O 7. e3 b6 8. Ne5 Ba6 9. Bxa6 Nxa6 10. Bh4 Nb8 11. O-O Be7 12. Qa4 a6 13. Rfd1 b5 14. Qc2 Nfd7 15. Bxe7 Qxe7 16. Nxd7 Nxd7 17. a4 c4 18. e4 Nb6 19. a5 Nd7 20. Re1 Qd6 21. exd5 exd5 22. Qf5 g6 23. Qg5 Rfe8 24. Nf1 f6 25. Qg4 f5 26. Qh4 Nf6 27. h3 Kg7 28. Qg3 Qxg3 29. Nxg3 f4 30. Nf1 Ne4 31. Nh2 Rab8 32. Ng4 b4 33. f3 bxc3 34. bxc3 Nxc3 35. Ne5 h5 36. Kh2 Rb2 37. h4 Re2 38. Kh3 Rxe1 39. Rxe1 Nb5 40. Rb1 Kf6 0-1

[Event "November 21 Early 2023"]
[Site "https://www.chess.com"]
[Date "2023.11.21"]
[Round "6"]
[White "Raja Rithvik R"]
[Black "Paravyan, David"]
[Result "1-0"]
[Board "14"]
[TimeControl "180+1"]
[WhiteFideId "35007394"]
[BlackFideId "4194985"]
[WhiteElo "2395"]
[BlackElo "2566"]
[WhiteTeam "IND"]
[BlackTeam "FID"]
[WhiteClock "0:00:11"]
[BlackClock "0:00:01"]

1. Nf3 d5 2. d4 Nf6 3. c4 dxc4 4. e3 e6 5. Bxc4 c5 6. O-O Nc6 7. dxc5 Qxd1 8. Rxd1 Bxc5 9. a3 a6 10. b4 Be7 11. Bb2 b5 12. Be2 Bb7 13. Nbd2 O-O 14. Nb3 a5 15. bxa5 Nxa5 16. Nxa5 Rxa5 17. Nd4 b4 18. axb4 Bxb4 19. Rxa5 Bxa5 20. Bf3 Rb8 21. Ba3 Bxf3 22. gxf3 Rc8 23. Rc1 Rxc1+ 24. Bxc1 Bb6 25. Bb2 Bxd4 26. Bxd4 Nd5 27. f4 f6 28. Kg2 Kf7 29. Kf3 Kg6 30. Kg4 Ne7 31. Bc5 Nf5 32. Bf8 Nh6+ 33. Kf3 Nf5 34. Kg4 h6 35. h3 Kf7 36. Bc5 Kg6 37. Bf8 h5+ 38. Kf3 Kf7 39. Bc5 Nh4+ 40. Kg3 Ng6 41. Kf3 Nh8 42. Kg3 Kg6 43. Bf8 Nf7 44. e4 f5 45. f3 Nd8 46. Kf2 Kf7 47. Bb4 Nc6 48. Bc3 Ne7 49. Kg3 Ng6 50. h4 Nf8 51. Kf2 Ng6 52. Kg3 Ne7 53. Bb4 Ng8 54. Bc3 Nf6 55. Bxf6 Kxf6 56. Kf2 e5 57. Ke3 fxe4 58. fxe4 g6 59. fxe5+ Kxe5 60. Kf3 Ke6 61. Kf4 Kf6 62. e5+ Ke6 63. Ke4 Ke7 64. Kd5 Kd7 65. e6+ Ke8 66. Kd6 g5 67. hxg5 h4 68. g6 1-0

[Event "November 21 Early 2023"]
[Site "https://www.chess.com"]
[Date "2023.11.21"]
[Round "6"]
[White "Daneshvar, Bardiya"]
[Black "luckyswitchback"]
[Result "0-1"]
[Board "15"]
[TimeControl "180+1"]
[WhiteFideId "12576468"]
[WhiteElo "2483"]
[BlackElo "2814"]
[WhiteTeam "IRI"]
[WhiteClock "0:00:48"]
[BlackClock "0:00:31"]

1. Nf3 d5 2. e3 Nf6 3. c4 e6 4. Nc3 b6 5. cxd5 exd5 6. b3 Bb7 7. Bb2 Nbd7 8. Rc1 a6 9. g3 d4 10. Nb1 dxe3 11. dxe3 Bb4+ 12. Bc3 Bxc3+ 13. Nxc3 Ne5 14. Qxd8+ Rxd8 15. Nxe5 Bxh1 16. Bxa6 O-O 17. Bc4 Bb7 18. a4 Nd5 19. Nxd5 Bxd5 20. Bxd5 Rxd5 21. Nc6 Re8 22. Ke2 f5 23. b4 Kf7 24. h4 Re4 25. Kf3 h6 26. Nd4 Re7 27. Rc6 Ke8 28. h5 Kd7 29. Rg6 c5 30. bxc5 bxc5 31. Nb5 c4 32. Ra6 Rc5 33. Ra7+ Ke6 34. Nd4+ Kf7 35. Ra8 c3 36. Nc2 Rd7 37. Rb8 Rd2 38. Rb7+ Kg8 39. Rb8+ Kh7 40. Nd4 Rxd4 41. exd4 c2 42. dxc5 c1=Q 43. Rb5 Qd1+ 44. Kg2 Qxa4 45. Rb6 Qd4 46. Rb1 Qe4+ 0-1

[Event "November 21 Early 2023"]
[Site "https://www.chess.com"]
[Date "2023.11.21"]
[Round "6"]
[White "Pranesh M"]
[Black "Molina, Roberto Junio Brito"]
[Result "1-0"]
[Board "16"]
[TimeControl "180+1"]
[WhiteFideId "35028600"]
[BlackFideId "2109450"]
[WhiteElo "2481"]
[BlackElo "2389"]
[WhiteTeam "IND"]
[BlackTeam "BRA"]
[WhiteClock "0:00:41"]
[BlackClock "0:00:16"]

1. e4 c6 2. d4 d5 3. e5 Bf5 4. g4 Bd7 5. Nc3 h5 6. gxh5 Bf5 7. Nge2 Bg4 8. Qd3 Bxh5 9. e6 fxe6 10. Nf4 Bf7 11. Ng6 Bxg6 12. Qxg6+ Kd7 13. Bf4 Qe8 14. Qd3 Qh5 15. h4 Nh6 16. Bh3 Nf5 17. Bg5 g6 18. Ne2 Qh7 19. Nf4 Bh6 20. O-O-O Qf7 21. Rhe1 Bxg5 22. hxg5 Na6 23. Rxe6 Nc7 24. Rxg6 Raf8 25. Re1 Rh4 26. Rf6 exf6 27. Qxf5+ Kd6 28. Ng6 fxg5 29. Qe5# 1-0

[Event "November 21 Early 2023"]
[Site "https://www.chess.com"]
[Date "2023.11.21"]
[Round "6"]
[White "Bharath Subramaniyam H"]
[Black "Pendos666"]
[Result "0-1"]
[Board "17"]
[TimeControl "180+1"]
[WhiteFideId "46634827"]
[WhiteElo "2435"]
[BlackElo "2812"]
[WhiteTeam "IND"]
[WhiteClock "0:00:19"]
[BlackClock "0:00:27"]

1. e4 c5 2. Nf3 Nc6 3. Nc3 g6 4. d4 cxd4 5. Nxd4 Bg7 6. Be3 Nf6 7. Be2 O-O 8. O-O d5 9. Nxc6 bxc6 10. e5 Nd7 11. f4 e6 12. b4 a5 13. a3 f6 14. exf6 Qxf6 15. Na2 Qxa1 16. Qxa1 Bxa1 17. Rxa1 axb4 18. Nxb4 c5 19. Nd3 Ba6 20. Bg4 Kf7 21. Bxc5 Rfc8 22. Bd4 Rxc2 23. Nb4 Rc4 24. Nxa6 Rxd4 25. Nc7 Ra5 26. Nxe6 Rda4 27. Ng5+ Ke7 28. Re1+ Kd6 29. Nf7+ Kc6 30. Re7 Rxf4 31. Bxd7+ Kc5 32. a4 Ra7 33. Ne5 Rfxa4 34. Re6 Re4 35. Be8 Ra2 36. Nd3+ Kd4 37. Rxe4+ dxe4 38. Ne1 Ke3 39. Bb5 Ra1 40. Kf1 Kd2 41. Kf2 Rxe1 42. Kg3 e3 43. Kh4 Rg1 44. g4 e2 45. Bxe2 Kxe2 46. Kg5 Kf3 47. h3 Kg3 48. h4 Kh3 49. h5 Rxg4+ 50. Kh6 gxh5 51. Kxh5 Kg3 52. Kh6 Kf4 53. Kxh7 Kf5 54. Kh8 Kf6 55. Kh7 Rg3 56. Kh6 Rh3# 0-1

[Event "November 21 Early 2023"]
[Site "https://www.chess.com"]
[Date "2023.11.21"]
[Round "6"]
[White "Van Foreest, Jorden"]
[Black "Arifarsky"]
[Result "1-0"]
[Board "18"]
[TimeControl "180+1"]
[WhiteFideId "1039784"]
[WhiteElo "2664"]
[BlackElo "2797"]
[WhiteTeam "NED"]
[WhiteClock "0:00:18"]
[BlackClock "0:00:00"]

1. e4 c5 2. Nf3 Nc6 3. Bb5 g6 4. O-O Bg7 5. Re1 Nf6 6. c3 O-O 7. d4 cxd4 8. cxd4 d6 9. h3 a6 10. Bxc6 bxc6 11. Nc3 Be6 12. b3 c5 13. Be3 cxd4 14. Bxd4 Qa5 15. Qd2 Rfc8 16. Rac1 Qh5 17. Qe3 Bh6 18. Qd3 Bxc1 19. Rxc1 Nd7 20. Re1 Ne5 21. Bxe5 dxe5 22. Qe3 f6 23. Na4 Rc2 24. Nc5 Bxh3 25. gxh3 Qxh3 26. b4 Rxa2 27. Qb3+ Kh8 28. Qxa2 Qxf3 29. Re3 Qd1+ 30. Kg2 Rd8 31. Qf7 Qg4+ 32. Rg3 Qf4 33. Qxe7 Rg8 34. Ne6 Qxe4+ 35. Kh2 Qf5 36. Kg2 Qe4+ 37. Kg1 Qe1+ 38. Kh2 Qxf2+ 39. Kh3 Qf1+ 40. Rg2 Qf5+ 41. Kh2 Qh5+ 42. Kg3 Qf5 43. Rf2 Qd3+ 44. Rf3 Qd8 45. Nxd8 1-0

[Event "November 21 Early 2023"]
[Site "https://www.chess.com"]
[Date "2023.11.21"]
[Round "6"]
[White "Materia, Marco"]
[Black "Makarian, Rudik"]
[Result "1-0"]
[Board "19"]
[TimeControl "180+1"]
[WhiteFideId "45150451"]
[BlackFideId "44105681"]
[WhiteElo "2451"]
[BlackElo "2539"]
[WhiteTeam "FRA"]
[BlackTeam "FID"]
[WhiteClock "0:00:31"]
[BlackClock "0:00:00"]

1. d4 Nf6 2. c4 e6 3. Nf3 d5 4. Nc3 dxc4 5. e4 b5 6. e5 Nd5 7. Nxb5 Nb6 8. Be2 Nc6 9. O-O Be7 10. Be3 O-O 11. Qc1 Nb4 12. Rd1 Bb7 13. Na3 Nd3 14. Qc2 Bxa3 15. bxa3 Qd5 16. Bf1 Bc6 17. Rdb1 Rab8 18. Nd2 f5 19. exf6 Rxf6 20. Nxc4 Nf4 21. Ne5 Ba8 22. Bxf4 Rxf4 23. Qxc7 Rbf8 24. Qc5 Rxf2 25. Qxd5 Bxd5 26. Rc1 Rd2 27. Rc7 h5 28. Rxa7 h4 29. Rb1 Nc8 30. Rc7 Nd6 31. Ng6 Rxf1+ 32. Kxf1 Kh7 33. Nxh4 Kh6 34. Rb8 Kg5 35. Rxg7+ Kf4 36. Rg3 Bc4+ 37. Ke1 Re2+ 38. Kd1 Rxa2 39. Rf8+ Ke4 40. Rg4+ Kd5 41. Rd8 Kc6 42. Kc1 Bd5 43. Nf3 Ne4 44. Ne5+ 1-0

[Event "November 21 Early 2023"]
[Site "https://www.chess.com"]
[Date "2023.11.21"]
[Round "6"]
[White "Chigaev, Maksim"]
[Black "Vignesh N R"]
[Result "1-0"]
[Board "20"]
[TimeControl "180+1"]
[WhiteFideId "4108116"]
[BlackFideId "25012215"]
[WhiteElo "2561"]
[BlackElo "2425"]
[WhiteTeam "ESP"]
[BlackTeam "IND"]
[WhiteClock "0:00:10"]
[BlackClock "0:00:15"]

1. Nf3 Nf6 2. c4 e6 3. g3 d5 4. Bg2 dxc4 5. O-O Nbd7 6. Qc2 a6 7. a4 Rb8 8. Qxc4 b5 9. Qc2 Bb7 10. Nc3 b4 11. Nb1 c5 12. d3 Bd6 13. Nbd2 O-O 14. Nc4 Qe7 15. e4 Ng4 16. Nxd6 Qxd6 17. Bf4 Nge5 18. Nxe5 Nxe5 19. Rfd1 a5 20. b3 Rfd8 21. Rd2 Rbc8 22. Rad1 Ba6 23. Qb2 f6 24. d4 cxd4 25. Rxd4 Qc7 26. Rxd8+ Rxd8 27. Rc1 Qd6 28. h3 Rc8 29. Rxc8+ Bxc8 30. Bxe5 fxe5 31. Qe2 Ba6 32. Qe3 Qd4 33. Qg5 h6 34. Qe7 Qb6 35. Bf3 Bd3 36. Bg4 Bxe4 37. Bxe6+ Kh7 38. Qe8 h5 39. Qg8+ Kg6 40. Qe8+ Kg5 41. h4+ Kh6 42. Bf7 Bh7 43. Qxe5 Qf6 44. Qe3+ g5 45. Bc4 Kg6 46. Bd3+ Kg7 47. Bxh7 Kxh7 48. Qxg5 Qc3 49. Qxh5+ Kg7 50. Qg5+ Kh7 51. Qd5 Kg6 52. Kg2 Kh6 53. g4 Kg6 54. Qe6+ Kg7 55. h5 Kh7 56. g5 Qd4 57. Qf7+ Kh8 58. Qe8+ Kg7 59. Qg6+ Kh8 60. Qf5 Kg7 61. Qf6+ Qxf6 62. gxf6+ Kxf6 63. f4 Kf5 64. Kg3 1-0